 Dungeon Crawl Stone Soup version 0.21.1-1-g345015fe64 (webtiles) character file.

94 RaHiT the Ducker (level 4, -1/23 HPs)
             Began as a Spriggan Gladiator on Mar 27, 2018.
             Slain by an ice beast (8 damage)
             ... on level 2 of the Dungeon.
             The game lasted 00:05:22 (1833 turns).

RaHiT the Ducker (Spriggan Gladiator)               Turns: 1833, Time: 00:05:22

Health: -1/23      AC:  2    Str: 10    XL:     4   Next: 38%
Magic:  5/5        EV: 22    Int:  9    God:
Gold:   137        SH:  0    Dex: 18    Spells: 3/3 levels left

rFire    + . .     SeeInvis +   a - +0 quarterstaff
rCold    . . .     Gourm    .   (shield currently unavailable)
rNeg     . . .     Faith    .   b - +0 robe
rPois    .         Spirit   .   c - +0 hat
rElec    .         Reflect  .   (no cloak)
rCorr    .         Harm     .   (gloves unavailable)
MR       .....                  (boots unavailable)
Stlth    ++........             (no amulet)
HPRegen  0.07/turn              p - ring of protection from fire
MPRegen  0.09/turn              (no ring)

@: flying, very quick
A: very small, unfitting armour, see invisible, herbivore, speed 3, slow
metabolism 2
a: no special abilities


You were on level 2 of the Dungeon.
You were not hungry.

You visited 1 branch of the dungeon, and saw 2 of its levels.

You collected 137 gold pieces.

Inventory:

Hand Weapons
 a - a +0 quarterstaff (weapon)
Missiles
 d - 2 throwing nets (quivered) {!f}
 g - 31 poisoned needles
Armour
 b - a +0 robe (worn)
 c - a +0 hat (worn)
Jewellery
 p - a ring of protection from fire (left hand)
Scrolls
 e - a scroll of noise {unknown}
 h - a scroll of teleportation {unknown}
 i - 3 scrolls of identify {unknown}
 l - a scroll of immolation {unknown}
 n - a scroll of fog {unknown}
Potions
 j - a potion of berserk rage
 k - a potion of heal wounds
 o - 3 potions of flight
Comestibles
 f - 7 rations


   Skills:
 - Level 2.0 Fighting
 + Level 3.0 Staves
 - Level 2.0 Throwing
 + Level 6.0 Dodging


You had 3 spell levels left.
You didn't know any spells.

Dungeon Overview and Level Annotations

Branches:
Dungeon (2/15)

Altars:


Innate Abilities, Weirdness & Mutations

You are very small and have problems with some larger weapons.
You are too small for most types of armour.
You have supernaturally acute eyesight. (SInv)
You are a herbivore.
You cover ground extremely quickly.
You need consume almost no food.


Message History

The ice beast misses you.
You hit the ice beast.
The ice beast is moderately wounded.
The ice beast completely misses you.
You hit the ice beast but do no damage.
The ice beast is moderately wounded.
The ice beast misses you.
You hit the ice beast.
The ice beast is heavily wounded.
The ice beast barely misses you.
You hit the ice beast.
The ice beast is severely wounded.
The ice beast misses you. x2
You barely miss the ice beast.
The ice beast is severely wounded.
The ice beast hits you. The ice beast freezes you!
You barely miss the ice beast.
The ice beast is severely wounded.
The ice beast hits you. The ice beast freezes you!
You die...

#.........## #.#######
#...# ##.......## #.# #####
####'''#######.# .#.<...#
#....# .....######.####
............###
##...####.....### ####.#
#.###...### # #.# ##.#
###.@.# ####.# #..# ###Y#
.....###.## #)# .........#
### ...
.....######...##....
.##...## #.. .##.....
###....# #.##.#.....?. #
##.#.###..........>.#
####.#................#####


You could see an ice beast.

Vanquished Creatures
  A worker ant (D:2)
  A howler monkey skeleton (D:2)
  3 adders (D:2)
  A dart slug (D:2)
  2 leopard geckos (D:1)
  A giant cockroach (D:2)
  2 hobgoblins (D:1)
  2 ball pythons (D:2)
  5 bats
  A frilled lizard (D:2)
  4 goblins (D:2)
  10 kobolds
  A rat (D:1)
34 creatures vanquished.

Notes
Turn   | Place    | Note
-------+----------+-------------------------------------------
     0 | D:1      | RaHiT the Spriggan Gladiator began the quest for the Orb.
     0 | D:1      | Reached XP level 1. HP: 10/10 MP: 2/2
   269 | D:1      | Reached XP level 2. HP: 5/15 MP: 3/3
   868 | D:2      | Reached skill level 5 in Dodging
   880 | D:2      | Reached XP level 3. HP: 14/18 MP: 4/4
  1229 | D:2      | Reached XP level 4. HP: 23/23 MP: 5/5
  1559 | D:2      | Noticed an ice beast
  1671 | D:2      | Reached skill level 6 in Dodging
  1833 | D:2      | Slain by an ice beast

Skill      XL: |  1  2  3  4 |
---------------+-------------+-----
Fighting       | 2 |  2.0
Dodging        | 5 6 |  6.0
Staves         | 3 |  3.0
Throwing       | |  2.0

Action                   |  1- 3 |  4- 6 || total
-------------------------+-------+-------++-------
Melee: Quarterstaff      |    62 |    34 ||    96
Throw: Throwing net      |       |     1 ||     1
  Use: Potion            |     3 |     2 ||     5
 Stab: Sleeping          |     2 |       ||     2
Armor: Robe              |     5 |     2 ||     7
Dodge: Dodged            |    63 |    35 ||    98
